 Dungeon Crawl Stone Soup version 0.21-a0-344-g2144152 (webtiles) character file.

2571 Amnesiac the Slinger (level 9, -6/70 HPs)
             Began as a Gnoll Hunter on Oct 4, 2017.
             Was an Initiate of Ashenzari.
             Mangled by an orc warrior
             ... wielding a +0 trident
              (20 damage)
             ... on level 7 of the Dungeon.
             The game lasted 00:11:47 (7281 turns).

Amnesiac the Slinger (Gnoll Hunter)                 Turns: 7281, Time: 00:11:48

Health: -6/70      AC:  8    Str: 17    XL:     9   Next: 57%
Magic:  15/15      EV: 16    Int: 13    God:    Ashenzari [......]
Gold:   102        SH:  0    Dex: 17    Spells: 13/16 levels left

rFire    . . .     SeeInvis .   a - +1 hunting sling
rCold    + . .     Gourm    .   (no shield)
rNeg     . . .     Faith    .   J - +1 leather armour {rC+}
rPois    .         Spirit   .   R - +0 helmet (curse)
rElec    .         Reflect  .   v - +0 cloak (curse)
rCorr    +         Harm     .   M - +0 pair of gloves (curse)
MR       +....                  (no boots)
Stlth    +++.......             (no amulet)
HPRegen  0.21/turn              l - ring of protection from magic (curse)
MPRegen  0.14/turn              E - ring of resist corrosion (curse)

@: no status effects
A: distributed training, fangs 1, strong nose
a: Curse Item, Renounce Religion


You were on level 7 of the Dungeon.
You worshipped Ashenzari.
Ashenzari was noncommittal.
You were hungry.

You visited 2 branches of the dungeon, and saw 8 of its levels.

You collected 521 gold pieces.
You spent 419 gold pieces at shops.

Inventory:

Hand Weapons
 a - a +1 hunting sling (weapon)
 b - a +2 long sword of protection
 c - a +2 quarterstaff of chaos
 u - the +4 dagger of Gravity {flame, MR+}
   (You found it on level 6 of the Dungeon)

   It has been specially enchanted to burn those struck by it, causing extra
   injury to most foes and up to half again as much damage against particularly
   susceptible opponents.
   It affects your resistance to hostile enchantments.
 K - a +0 short sword
Missiles
 d - 88 sling bullets (quivered)
 e - 37 stones
 B - 16 poisoned needles
Armour
 v - a cursed +0 cloak (worn)
 J - a +1 leather armour of cold resistance (worn)
 M - a cursed +0 pair of gloves (worn)
 R - a cursed +0 helmet (worn)
Jewellery
 l - a cursed ring of protection from magic (left hand)
 E - a cursed ring of resist corrosion (right hand)
Wands
 F - a wand of random effects (26/48)
 H - a wand of random effects (20/48)
 N - a wand of acid (7/15)
Scrolls
 g - 3 scrolls of teleportation {!r, unknown}
 i - 2 scrolls of enchant armour {!r, unknown}
 j - a scroll of recharging {!r, unknown}
 m - 5 scrolls of identify {!r, unknown}
 r - a scroll of remove curse {!r}
 t - 2 scrolls of fog {!r, unknown}
 y - a scroll of enchant weapon {!r, unknown}
 z - a scroll of noise {!r, unknown}
 G - a scroll of blinking {!r, unknown}
 Q - a scroll of random uselessness {!r, unknown}
Potions
 k - 2 potions of flight {!q, unknown}
 n - 3 potions of lignification {!q, unknown}
 o - 2 potions of berserk rage {!q, unknown}
 p - a potion of mutation {!q, unknown}
 q - 2 potions of curing {!q, unknown}
 s - a potion of resistance {!q, unknown}
 x - a potion of brilliance {!q, unknown}
 A - a potion of haste {!q, unknown}
 C - a potion of ambrosia {!q, unknown}
 D - a potion of might {!q}
 I - a potion of agility {!q, unknown}
 L - a potion of degeneration {!q, unknown}
Books
 h - a Young Poisoner's Handbook

   Spells                             Type                      Level
   a - Sting                          Conjuration/Poison           1
   b - Poisonous Vapours              Poison/Air                   2
   c - Mephitic Cloud                 Conjuration/Poison/Air       3
   d - Olgreb's Toxic Radiance        Poison                       4
   e - Venom Bolt                     Conjuration/Poison           5
 O - a book of Frost

   Spells                             Type                      Level
   a - Freeze                         Ice                          1
   b - Throw Frost                    Conjuration/Ice              2
   c - Ozocubu's Armour               Charms/Ice                   3
   d - Throw Icicle                   Conjuration/Ice              4
   e - Summon Ice Beast               Ice/Summoning                4
Comestibles
 f - 4 bread rations
 w - 4 meat rations
 P - 3 royal jellies
 S - a chunk of flesh


   Skills:
 + Level 6.3 Fighting
 + Level 4.3 Short Blades
 + Level 4.3 Long Blades
 + Level 4.3 Axes
 + Level 4.3 Maces & Flails
 + Level 4.3 Polearms
 + Level 4.3 Staves
 + Level 9.6 Slings
 + Level 4.3 Bows
 + Level 4.3 Crossbows
 + Level 4.3 Throwing
 + Level 4.3 Armour
 + Level 6.3 Dodging
 + Level 5.0 Stealth
 + Level 4.3 Shields
 + Level 4.3 Unarmed Combat
 + Level 4.3 Spellcasting
 + Level 4.3 Conjurations
 + Level 4.3 Hexes
 + Level 4.3 Charms
 + Level 4.3 Summonings
 + Level 4.3 Necromancy
 + Level 4.3 Translocations
 + Level 4.3 Transmutations
 + Level 4.3 Fire Magic
 + Level 4.3 Ice Magic
 + Level 4.3 Air Magic
 + Level 4.3 Earth Magic
 + Level 4.3 Poison Magic
 + Level 4.3 Invocations
 + Level 4.3 Evocations


You had 13 spell levels left.
You knew the following spells:

 Your Spells              Type           Power        Failure   Level  Hunger
b - Ozocubu's Armour      Chrm/Ice       ##......     12%         3    ###....


Dungeon Overview and Level Annotations

Branches:
Dungeon (7/15)             Temple (1/1) D:5

Altars:
Ashenzari
Cheibriados
Dithmenos
Gozag
Hepliaklqana
Kikubaaqudgha
Makhleb
Okawaru
Qazlal
Ru
Sif Muna
Trog
Xom
Yredelemnul
Zin

Shops:
D:4 =   D:5 *   D:7 }


Innate Abilities, Weirdness & Mutations

Your experience applies equally to all skills.
You have very sharp teeth.
Your uncanny sense of smell can sniff out nearby items.


Message History

The orc warrior is almost dead.
You are feeling hungry.
The orc warrior hits you from afar with a trident!
* * * LOW HITPOINT WARNING * * *
Firing (i - inventory. (,) - cycle):
e - 43 stones (quivered)
Press: ? - help, Shift-Dir - straight line, f/p - orc warrior
Aim: an orc warrior, wielding a trident and wearing a plate armour (almost dead)
You shoot a stone.
The stone hits the orc warrior but does no damage.
The orc warrior is almost dead.
Unknown command.
Firing (i - inventory. (,) - cycle):
e - 42 stones (quivered)
Press: ? - help, Shift-Dir - straight line, f/p - orc warrior
Aim: an orc warrior, wielding a trident and wearing a plate armour (almost dead)
You shoot a stone.
The stone hits the orc warrior but does no damage.
The orc warrior is almost dead.
The orc warrior hits you from afar with a trident.
* * * LOW HITPOINT WARNING * * *
Unknown command.
Firing (i - inventory. (,) - cycle):
e - 41 stones (quivered)
Press: ? - help, Shift-Dir - straight line, f/p - orc warrior
Aim: an orc warrior, wielding a trident and wearing a plate armour (almost dead)
You shoot a stone.
The stone barely misses the orc warrior.
Unknown command.
Firing (i - inventory. (,) - cycle):
e - 40 stones (quivered)
Press: ? - help, Shift-Dir - straight line, f/p - orc warrior
Aim: an orc warrior, wielding a trident and wearing a plate armour (almost dead)
You shoot a stone.
The stone closely misses the orc warrior.
The orc warrior closely misses you.
Unknown command.
Firing (i - inventory. (,) - cycle):
e - 39 stones (quivered)
Press: ? - help, Shift-Dir - straight line, f/p - orc warrior
Aim: an orc warrior, wielding a trident and wearing a plate armour (almost dead)
You shoot a stone.
The stone hits the orc warrior but does no damage.
The orc warrior is almost dead.
The orc warrior misses you.
Unknown command.
Firing (i - inventory. (,) - cycle):
e - 38 stones (quivered)
Press: ? - help, Shift-Dir - straight line, f/p - orc warrior
Aim: an orc warrior, wielding a trident and wearing a plate armour (almost dead)
You shoot a stone.
The stone hits the orc warrior but does no damage.
The orc warrior is almost dead.
Unknown command.
Quiver which item? (- for none, * to show all) (? for menu, Esc to quit)
Quivering
d - 90 sling bullets for slings.
Firing (i - inventory. (,) - cycle):
d - 90 sling bullets (quivered)
Press: ? - help, Shift-Dir - straight line, f/p - orc warrior
Aim: an orc warrior, wielding a trident and wearing a plate armour (almost dead)
You shoot a sling bullet.
The sling bullet barely misses the orc warrior.
The orc warrior barely misses you.
Unknown command.
Firing (i - inventory. (,) - cycle):
d - 89 sling bullets (quivered)
Press: ? - help, Shift-Dir - straight line, f/p - orc warrior
Aim: an orc warrior, wielding a trident and wearing a plate armour (almost dead)
You shoot a sling bullet.
The sling bullet barely misses the orc warrior.
The orc warrior hits you from afar with a trident!!
You die...

##.## ##.### ###...####
#....# .........# #..#..
###...##.#########
#..### ##.###.........#
#..... #.# #########.#
#.#### #.# #.# ####.###
#+# #.# #......#
#####@##### #.##.#.#
#..>......# #.##.#.#
#.#<#o###.# #.##.#.#
###....(#.#.####.#....##
+......((#..............
###....##(#.####......##
#.#.###(# ###.)### #.###
#(# #.## # (.( #.#


You could see an orc warrior.

Vanquished Creatures
  Grinder (D:4)
  Prince Ribbit (D:5)
  Sigmund (D:6)
  Menkaure (D:6)
  An orc warrior (D:7)
  An ice beast (D:5)
  A black bear (D:7)
  2 ogres
  3 centaurs (D:7)
  Blork the orc (D:5)
  A bullfrog (D:5)
  3 scorpions
  4 killer bees (D:7)
  A crimson imp (D:5)
  A bullfrog zombie (D:6)
  A centaur zombie (D:5)
  5 orc priests
  2 hounds (D:4)
  Crazy Yiuf (D:2)
  4 orc wizards
  Jessica (D:2)
  A bullfrog skeleton (D:4)
  A worker ant (D:7)
  7 adders
  4 gnolls (D:4)
  A shadow imp (D:5)
  2 oozes
  An adder zombie (D:7)
  An adder skeleton (D:3)
  7 worms
  3 dart slugs
  5 leopard geckos
  16 orcs
  3 giant cockroaches
  7 goblins
  15 hobgoblins
  5 jackals
  9 kobolds
  5 quokkas
  7 bats
  4 frilled lizards
  A leopard gecko skeleton (D:6)
  A quokka skeleton (D:2)
  5 rats
  A butterfly (D:6)
149 creatures vanquished.

Notes
Turn   | Place    | Note
-------+----------+-------------------------------------------
     0 | D:1      | Amnesiac the Gnoll Hunter began the quest for the Orb.
     0 | D:1      | Reached XP level 1. HP: 20/20 MP: 1/1
   232 | D:1      | Reached XP level 2. HP: 26/26 MP: 2/2
   403 | D:1      | Reached XP level 3. HP: 31/31 MP: 3/3
   974 | D:2      | Noticed Jessica
   976 | D:2      | Killed Jessica
   976 | D:2      | Reached skill level 1 in Short Blades
   976 | D:2      | Reached skill level 1 in Long Blades
   976 | D:2      | Reached skill level 1 in Axes
   976 | D:2      | Reached skill level 1 in Maces & Flails
   976 | D:2      | Reached skill level 1 in Polearms
   976 | D:2      | Reached skill level 1 in Staves
   976 | D:2      | Reached skill level 1 in Bows
   976 | D:2      | Reached skill level 1 in Crossbows
   976 | D:2      | Reached skill level 1 in Throwing
   976 | D:2      | Reached skill level 1 in Armour
   976 | D:2      | Reached skill level 1 in Shields
   976 | D:2      | Reached skill level 1 in Unarmed Combat
   976 | D:2      | Reached skill level 1 in Spellcasting
   976 | D:2      | Reached skill level 1 in Conjurations
   976 | D:2      | Reached skill level 1 in Hexes
   976 | D:2      | Reached skill level 1 in Charms
   976 | D:2      | Reached skill level 1 in Summonings
   976 | D:2      | Reached skill level 1 in Necromancy
   976 | D:2      | Reached skill level 1 in Translocations
   976 | D:2      | Reached skill level 1 in Transmutations
   976 | D:2      | Reached skill level 1 in Fire Magic
   976 | D:2      | Reached skill level 1 in Ice Magic
   976 | D:2      | Reached skill level 1 in Air Magic
   976 | D:2      | Reached skill level 1 in Earth Magic
   976 | D:2      | Reached skill level 1 in Poison Magic
   976 | D:2      | Reached skill level 1 in Invocations
   976 | D:2      | Reached skill level 1 in Evocations
   976 | D:2      | Reached XP level 4. HP: 38/38 MP: 5/5
  1066 | D:2      | Found an opulent altar of Gozag.
  1150 | D:2      | Reached XP level 5. HP: 42/43 MP: 6/6
  1753 | D:2      | Found a runed door.
  1946 | D:2      | Noticed Crazy Yiuf
  1949 | D:2      | Killed Crazy Yiuf
  2069 | D:3      | Reached XP level 6. HP: 24/50 MP: 8/8
  2166 | D:2      | Reached skill level 5 in Fighting
  2166 | D:2      | Reached skill level 5 in Dodging
  2869 | D:4      | Reached XP level 7. HP: 23/56 MP: 10/10
  3161 | D:4      | Found Qutt's Jewellery Emporium.
  3235 | D:4      | Found a glowing silver altar of Zin.
  3235 | D:4      | Found a deep blue altar of Sif Muna.
  3602 | D:4      | Noticed Grinder
  3616 | D:4      | Killed Grinder
  3616 | D:4      | Reached skill level 9 in Slings
  3777 | D:5      | Entered Level 5 of the Dungeon
  3777 | D:5      | Found Wyidwira's Assorted Antiques.
  3929 | D:5      | Bought a scroll labeled YGONOR JEMEB WAIRGH for 25 gold pieces
  3929 | D:5      | Bought a fizzy blue potion for 22 gold pieces
  3929 | D:5      | Bought a dark potion for 22 gold pieces
  3929 | D:5      | Bought a twisted brass ring for 125 gold pieces
  3970 | D:5      | Reached XP level 8. HP: 48/63 MP: 12/12
  4345 | D:5      | Noticed Prince Ribbit
  4346 | D:5      | Noticed Blork the orc
  4371 | D:5      | Killed Blork the orc
  4414 | D:5      | Killed Prince Ribbit
  4497 | D:5      | Found a staircase to the Ecumenical Temple.
  4505 | Temple   | Entered the Ecumenical Temple
  4513 | Temple   | Became a worshipper of Ashenzari the Shackled
  4578 | D:5      | Found a shimmering altar of Xom.
  4624 | D:5      | Found a snail-covered altar of Cheibriados.
  5020 | D:6      | Got the dagger of Gravity {flame, MR+}
  5054 | D:6      | Noticed Menkaure
  5065 | D:6      | Killed Menkaure
  5389 | D:6      | Identified the +4 dagger of Gravity {flame, MR+} (You found it on level 6 of the Dungeon)
  5395 | D:6      | Found an ancient bone altar of Kikubaaqudgha.
  5395 | D:6      | Noticed Sigmund
  5405 | D:6      | Killed Sigmund
  5405 | D:6      | Reached XP level 9. HP: 69/69 MP: 14/14
  5749 | D:5      | Bought a glowing sapphire ring for 125 gold pieces
  5749 | D:5      | Bought an iron wand for 100 gold pieces
  6801 | D:7      | Learned a level 3 spell: Ozocubu's Armour
  7246 | D:7      | Reached skill level 5 in Stealth
  7248 | D:7      | Found Sourphouv's Gadget Shop.
  7281 | D:7      | Mangled by an orc warrior

Vault maps used:
D:1:      lightli_arrival_statue_moat, minmay_liquid_box
D:2:      lemuel_crystal_altar, uniq_jessica, uniq_crazy_yiuf_cottage
D:3:      hangedman_decor_clover_reticule
D:4:      gammafunk_temple_overflow_pools, serial_shops, shop, uniq_grinder
D:5:      lemuel_coloured_pillars_altar, xom_butterflies,
          minmay_temple_entry_overgrown, serial_shops,
          nicolae_shop_overgrown_old_shop, first_bread, uniq_blork_the_orc,
          uniq_prince_ribbit1
D:6:      basic_altar, uniq_menkaure, uniq_sigmund
D:7:      serial_shops, shop
Temple:   eino_narrow_crystal_temple

Skill      XL: |  1  2  3  4  5  6  7  8  9 |
---------------+----------------------------+-----
Short Blades   | 1 2 3 4 |  4.3
Long Blades    | 1 2 3 4 |  4.3
Axes           | 1 2 3 4 |  4.3
Maces & Flails | 1 2 3 4 |  4.3
Polearms       | 1 2 3 4 |  4.3
Staves         | 1 2 3 4 |  4.3
Bows           | 1 2 3 4 |  4.3
Crossbows      | 1 2 3 4 |  4.3
Throwing       | 1 2 3 4 |  4.3
Armour         | 1 2 3 4 |  4.3
Shields        | 1 2 3 4 |  4.3
Unarmed Combat | 1 2 3 4 |  4.3
Spellcasting   | 1 2 3 4 |  4.3
Conjurations   | 1 2 3 4 |  4.3
Hexes          | 1 2 3 4 |  4.3
Charms         | 1 2 3 4 |  4.3
Summonings     | 1 2 3 4 |  4.3
Necromancy     | 1 2 3 4 |  4.3
Translocations | 1 2 3 4 |  4.3
Transmutations | 1 2 3 4 |  4.3
Fire Magic     | 1 2 3 4 |  4.3
Ice Magic      | 1 2 3 4 |  4.3
Air Magic      | 1 2 3 4 |  4.3
Earth Magic    | 1 2 3 4 |  4.3
Poison Magic   | 1 2 3 4 |  4.3
Invocations    | 1 2 3 4 |  4.3
Evocations     | 1 2 3 4 |  4.3
Stealth        | 3 4 5 |  5.0
Fighting       | 5 6 |  6.3
Dodging        | 5 6 |  6.3
Slings         | 9 |  9.6

Action                   |  1- 3 |  4- 6 |  7- 9 || total
-------------------------+-------+-------+-------++-------
Melee: Short sword       |     3 |       |       ||     3
 Fire: Hunting sling     |    61 |   280 |   421 ||   762
Invok: Curse Item        |       |       |     5 ||     5
  Eat: Chunk             |       |     5 |    10 ||    15
       Royal jelly       |       |       |     1 ||     1
       Fruit             |       |       |     1 ||     1
Armor: Leather armour    |     1 |       |    11 ||    12
       Chain mail        |     7 |    52 |    30 ||    89
Dodge: Dodged            |     4 |    31 |    94 ||   129

Table legend:
 A = Spawn XP
 B = Non-spawn XP
 C = Spawn XP percentage of total XP
 D = Spawn monster count
 E = Non-spawn monster count
 F = Spawn count percentage of total count
 G = Total turns spent on level
                    A         B        C        D         E        F      G
               +---------+---------+-------+---------+---------+-------+---------
         Total |       0 |    3674 |   0.0 |       0 |     148 |   0.0 |  7281
               +---------+---------+-------+---------+---------+-------+---------
           D:1 |       0 |      50 |   0.0 |       0 |      25 |   0.0 |   974
           D:2 |       0 |     279 |   0.0 |       0 |      29 |   0.0 |  1066
           D:3 |       0 |     184 |   0.0 |       0 |      32 |   0.0 |   676
           D:4 |       0 |     573 |   0.0 |       0 |      18 |   0.0 |  1145
           D:5 |       0 |     960 |   0.0 |       0 |      18 |   0.0 |  1254
           D:6 |       0 |     553 |   0.0 |       0 |       7 |   0.0 |   756
           D:7 |       0 |    1075 |   0.0 |       0 |      19 |   0.0 |  1393
               +---------+---------+-------+---------+---------+-------+---------
